 Dungeon Crawl Stone Soup version 0.28-a0-397-g1a7b1a870f (webtiles) character file.

Game seed: 6008912344527912165

1654 Froggeryz the Slicer (level 9, -1/56 HPs)
             Began as an Octopode Berserker on Sept 4, 2021.
             Was a Priest of Trog.
             Slain by a scorpion (2 damage)
             ... on level 6 of the Dungeon.
             The game lasted 00:04:55 (6278 turns).

Froggeryz the Slicer (Octopode Berserker)           Turns: 6278, Time: 00:04:55

Health: -1/56      AC:  1    Str: 16    XL:     9   Next: 0%
Magic:  9/9        EV: 16    Int:  9    God:    Trog [***...]
Gold:   307        SH:  0    Dex: 21    Spells: 8/8 levels left

rFire   . . .      SeeInvis .   a - +0 short sword
rCold   . . .      Faith    .   (no shield)
rNeg    . . .      Spirit   .   (helmet restricted)
rPois   .          Reflect  .   (no amulet)
rElec   .          Harm     .   i - +6 ring of dexterity
rCorr   .          Rampage  .   (no ring)
Will    ++...                   (no ring)
Stlth   +++++.....              (no ring)
HPRegen 1.18/turn               (no ring)
MPRegen 0.11/turn               (no ring)
                                (no ring)
                                (no ring)

@: lethally poisoned (-1 -> -1), strong-willed, on berserk cooldown,
regenerating, slowed, very slow
A: almost no armour, amphibious, 8 rings, camouflage 1, gelatinous body 1,
(nimble swimmer 1), tentacles
a: Renounce Religion, Berserk, Trog's Hand


You were on level 6 of the Dungeon.
You worshipped Trog.
Trog was most pleased with you.
You visited 1 branch of the dungeon, and saw 6 of its levels.

You collected 307 gold pieces.

Inventory:

Hand Weapons
 a - a +0 short sword (weapon)
Missiles
 e - 16 poisoned darts (quivered)
 k - 4 atropa-tipped darts
 o - 6 boomerangs
Jewellery
 i - a +6 ring of dexterity (left tentacle)
 n - a +6 ring of intelligence
Wands
 q - a wand of digging (4)
Scrolls
 c - 3 scrolls of teleportation
 f - a scroll of immolation {unknown}
 g - 2 scrolls of enchant weapon
 j - 2 scrolls of magic mapping
 m - a scroll of summoning {unknown}
 p - a scroll of amnesia {unknown}
 t - a scroll of enchant armour
Potions
 b - a potion of cancellation {unknown}
 d - 3 potions of curing
 h - a potion of brilliance {unknown}
 l - a potion of flight {unknown}
 s - a potion of haste {unknown}


   Skills:
 - Level 3.0 Fighting
 * Level 9.6 Short Blades
 + Level 4.7 Dodging
 - Level 7.2 Stealth


You had 8 spell levels left.
You didn't know any spells.
Your spell library was empty.

Dungeon Overview and Level Annotations

Branches:
Dungeon (6/15)
 Temple: D:4-7

Altars:
Ashenzari
Ru
Uskayaw

Annotations:
D:4 exclusion: upstairs


Innate Abilities, Weirdness & Mutations

You cannot wear most types of armour.
You are amphibious.
You can wear up to eight rings at the same time.
Your skin changes colour to match your surroundings (Stealth+).
Your rubbery body absorbs attacks. (AC +1, EV +1)
((You are camouflaged near water. (Stealth+)))
You have tentacles for arms and can constrict up to eight enemies at once.


Message History

You puncture the killer bee!
You feel the power of Trog in you as your rage grows.
You kill the killer bee!
Trog accepts your kill.
You feel sick. The killer bee closely misses you.
You barely miss the killer bee. Your grab misses the killer bee.
Your squeeze misses the killer bee.
The killer bee is heavily wounded.
You feel sick.
You puncture the killer bee!
You kill the killer bee!
Trog accepts your kill.
You feel sick. The scorpion misses you. The water moccasin bites you!
* * * LOW HITPOINT WARNING * * *
You feel sick.
You barely miss the water moccasin. You grab the water moccasin.
You squeeze the water moccasin.
The water moccasin is moderately wounded.
You constrict the water moccasin.
You feel sick.
You barely miss the water moccasin. You squeeze the water moccasin!
The water moccasin is almost dead.
You constrict the water moccasin, but do no damage.
You feel sick. The water moccasin barely misses you.
You hit the water moccasin.
You kill the water moccasin!
Trog accepts your kill.
You have reached level 9!
Your experience leads to an increase in your attributes!
Your base attributes are Str 16, Int 9, Dex 14.
Increase (S)trength, (I)ntelligence, or (D)exterity?
You feel agile.
You are no longer berserk.
You are exhausted.
You feel yourself slow down.
* * * LOW HITPOINT WARNING * * *
You feel sick.
You hit the scorpion. Your grab misses the scorpion.
The scorpion is moderately wounded.
You feel sick. The scorpion stings you.
You die...

###...>...#####
......(..#....
#..........##
#...........s
#.##.>#####..........
#.##..#...........#
#.##.. .##...††..#
#.##.. .#####s###
#.##.## ##.####@###.##
#.##..###..##..........
##.##.#.#......#.###.###
......................
##<...................
#.#####..#.####..####
#.# #...... ...# #.#
##.....##..# #)# ###.#.#
..#


You could see a scorpion.

Vanquished Creatures
  Menkaure (D:4)
  2 water moccasins (D:6)
  An orc warrior (D:6)
  A necrophage (D:4)
  An ice beast (D:5)
  A sky beast (D:5)
  2 ogres
  A phantom (D:5)
  A scorpion (D:5)
  5 killer bees (D:6)
  3 hounds
  3 orc priests
  A centaur skeleton (D:4)
  An iguana (D:6)
  An orc wizard (D:4)
  A scorpion zombie (D:5)
  An adder (D:3)
  4 gnolls (D:5)
  2 adder skeletons (D:4)
  2 worms (D:3)
  A dart slug (D:2)
  13 orcs
  7 bats
  7 endoplasms
  6 giant cockroaches
  6 hobgoblins
  3 jackals (D:2)
  A quokka (D:2)
  12 ball pythons
  18 frilled lizards
  9 goblins
  4 kobolds
  2 rats (D:2)
124 creatures vanquished.

Vanquished Creatures (others)
  10 plants
10 creatures vanquished.

Grand Total: 134 creatures vanquished

Notes
Turn   | Place    | Note
-------+----------+-------------------------------------------
     0 | D:1      | Froggeryz the Octopode Berserker began the quest for the
                  | Orb.
     0 | D:1      | Reached XP level 1. HP: 16/16 MP: 1/1
   207 | D:1      | Reached skill level 1 in Stealth
   217 | D:1      | Reached XP level 2. HP: 21/21 MP: 2/2
  1022 | D:1      | Reached XP level 3. HP: 26/26 MP: 3/3
  1227 | D:2      | Reached skill level 4 in Short Blades
  1230 | D:2      | Reached ** piety under Trog
  2079 | D:2      | Reached XP level 4. HP: 24/31 MP: 4/4
  2739 | D:3      | Found a hide-covered altar of Uskayaw.
  2929 | D:3      | Found a sacrificial altar of Ru.
  3524 | D:4      | Reached XP level 5. HP: 23/36 MP: 5/5
  3728 | D:4      | Noticed a necrophage
  3737 | D:4      | Killed a necrophage
  3738 | D:4      | Reached skill level 5 in Short Blades
  3844 | D:3      | Reached XP level 6. HP: 42/42 MP: 6/6
  3866 | D:4      | Reached *** piety under Trog
  4200 | D:4      | Noticed Menkaure
  4208 | D:4      | Killed Menkaure
  4209 | D:4      | Reached skill level 6 in Short Blades
  4209 | D:4      | Reached skill level 5 in Stealth
  4219 | D:3      | Found a broken altar of Ashenzari.
  4503 | D:5      | Entered Level 5 of the Dungeon
  4505 | D:5      | Noticed an ice beast
  4518 | D:5      | Reached XP level 7. HP: 37/46 MP: 7/7
  4523 | D:5      | Reached skill level 7 in Short Blades
  4830 | D:4      | Reached XP level 8. HP: 26/52 MP: 8/8
  5280 | D:5      | Reached skill level 8 in Short Blades
  6177 | D:6      | Reached skill level 9 in Short Blades
  6272 | D:6      | HP: 3/78 [water moccasin (10)]
  6277 | D:6      | Reached XP level 9. HP: 3/56 MP: 9/9
  6277 | D:6      | HP: 1/56 [poisoned by a killer bee]
  6278 | D:6      | Slain by a scorpion

Illustrated notes

Levels and vault maps discovered:
D:1:      elethiomel_arrival_shortcut, layout_basic
D:2:      layout_loops_corners
D:3:      layout_basic, mainiacjoe_overflow_surrounded_room,
          nicolae_overflow_hidden_temple, minmay_lizard_king
D:4:      layout_gridville, minmay_misc_feat_hallway,
          chequers_serial_rivers_large_a, item_on_display_b, uniq_menkaure
D:5:      layout_cave_pools, minmay_crystal_water,
          chequers_serial_rivers_room_a, serial_bayou_lagoon_b
D:6:      layout_loops_ring, mainiacjoe_overflow_divided_tiny, uniq_eustachio,
          uniq_grinder, uniq_pikel

Skill      XL: |  1  2  3  4  5  6  7  8 |
---------------+-------------------------+-----
Stealth        | 1 2 3 4 5 7 |  7.2
Short Blades   | 4 5 6 7 9 |  9.6
Dodging        | 4 |  4.7
Fighting       | |  3.0

Action                   |  1- 3 |  4- 6 |  7- 9 || total
-------------------------+-------+-------+-------++-------
Melee: Short sword       |    84 |    93 |    84 ||   261
       Tentacles         |    15 |    24 |    28 ||    67
       Constrict         |    22 |    22 |    22 ||    66
Throw: Dart              |       |       |     5 ||     5
Invok: Berserk           |       |     1 |     4 ||     5
       Trog's Hand       |       |       |     1 ||     1
  Use: Scroll            |       |     5 |     3 ||     8
 Stab: Sleeping          |    14 |    17 |       ||    31
Armor: Skin              |     9 |     4 |     2 ||    15
Dodge: Dodged            |    43 |    45 |    73 ||   161

Table legend: (Time is in decaauts)
 A = Elapsed time spent in this place.
 B = Non-inter-level travel time spent in this place.
 C = Inter-level travel time spent in this place.
 D = Time resting spent in this place.
 E = Time spent auto-exploring this place.
 F = Levels seen in this place.
 G = Mean time per level.
                   A        B        C        D        E       F      G
               +--------+--------+--------+--------+--------+-----+--------+
         Total |   6262 |   6027 |    235 |   1121 |   4082 |   6 | 1043.7 |
       Dungeon |   6262 |   6027 |    235 |   1121 |   4082 |   6 | 1043.7 |
               +--------+--------+--------+--------+--------+-----+--------+

Top non-repeatable levels by time:
     D:4: 1560 daAuts
     D:1: 1212 daAuts
     D:2: 1202 daAuts
     D:3: 1096 daAuts
     D:5: 974 daAuts
     D:6: 217 daAuts
